 Dungeon Crawl Stone Soup version 0.25-a0-166-g16436c4407 (webtiles) character file.

Game seed: 13131916534900756951, levelgen mode: deterministic

597 Leeroy the Conjurer (level 7, -4/57 HPs)
             Began as a Green Draconian Conjurer on Nov 23, 2019.
             Was an Initiate of Okawaru.
             Slain by a hippogriff (6 damage)
             ... on level 4 of the Dungeon.
             The game lasted 00:13:09 (4818 turns).

Leeroy the Conjurer (Green Draconian Conjurer)      Turns: 4818, Time: 00:13:10

Health: -4/57      AC:  7    Str: 12    XL:     7   Next: 17%
Magic:  13/15      EV: 15    Int: 16    God:    Okawaru [......]
Gold:   148        SH:  0    Dex: 11    Spells: 9/16 levels left

rFire    . . .     SeeInvis .   h - +3 dagger
rCold    . . .     Gourm    .   (no shield)
rNeg     . . .     Faith    .   (armour unavailable)
rPois    +         Spirit   .   (helmet restricted)
rElec    .         Reflect  .   (no cloak)
rCorr    .         Harm     .   n - +0 pair of gloves
MR       .....                  (no boots)
Stlth    +++.......             (no amulet)
HPRegen  0.19/turn              (no ring)
MPRegen  0.14/turn              (no ring)

@: short of breath, heroism
A: breathe noxious fumes, unfitting armour, poison resistance, cold-blooded, AC
+6
a: Breathe Noxious Fumes, Renounce Religion


You were on level 4 of the Dungeon.
You worshipped Okawaru.
Okawaru was noncommittal.
You were hungry.

You visited 1 branch of the dungeon, and saw 6 of its levels.

You collected 148 gold pieces.

Inventory:

Hand Weapons
 d - a +0 spear
 e - a +0 dagger
 g - a +0 whip
 h - a +3 dagger (weapon)
 l - a +0 flail
 s - a +0 halberd
 t - a +0 falchion
Armour
 n - a +0 pair of gloves (worn)
 o - a +0 large shield
 q - a +0 pair of gloves
Jewellery
 r - a +4 ring of strength {unknown}
Wands
 j - a wand of flame (18)
Scrolls
 a - 4 scrolls of teleportation {unknown}
 c - 3 scrolls of remove curse {unknown}
 i - a scroll of identify {unknown}
 m - a scroll of amnesia {unknown}
Potions
 f - a potion of cancellation {unknown}
 k - a potion of curing
 p - 3 potions of heal wounds {unknown}
 v - a potion of berserk rage {unknown}
Comestibles
 b - 4 rations
 u - 5 chunks of flesh


   Skills:
 - Level 3.0(8.0) Fighting
 - Level 1.7(6.7) Dodging
 - Level 1.7(6.7) Stealth
 + Level 5.3 Spellcasting
 - Level 6.0 Conjurations


You had 9 spell levels left.
You knew the following spells:

 Your Spells              Type           Power        Failure   Level  Hunger
a - Magic Dart            Conj           ###.         1%          1    None
b - Searing Ray           Conj           ###...       1%          2    #......
c - Iskenderun's Mystic   Conj           ###.....     12%         4    ####...

Your spell library contained the following spells:

 Spells                   Type           Power        Failure   Level  Hunger
 Dazzling Spray           Conj/Hex       ##....       13%         3    ###....
 Force Lance              Conj/Tloc      ##......     38%         4    ####...
 Fulminant Prism          Conj/Hex       ##........   38%         4    ####...


Dungeon Overview and Level Annotations

Branches:
Dungeon (6/15)
 Temple: D:4-7

Altars:
Okawaru
Xom
The Shining One

Annotations:
D:5 Prince Ribbit


Innate Abilities, Weirdness & Mutations

You can breathe blasts of noxious fumes.
Your lurid green scales are hard. (AC +6)
You cannot fit into any form of body armour.
Your system is resistant to poisons. (rPois)
You are cold-blooded and may be slowed by cold attacks.


Message History

The hippogriff is moderately wounded.
You feel somewhat more hungry.
The hippogriff is engulfed in noxious fumes.
The hippogriff appears confused.
The hippogriff barely misses you. The hippogriff pecks you.
* * * LOW HITPOINT WARNING * * *
The hippogriff claws you but does no damage.
You gain the combat prowess of a mighty hero.
You can no longer gain great but temporary skills.
The hippogriff is engulfed in noxious fumes.
The hippogriff misses the orc.
The hippogriff pecks the orc.
The hippogriff claws the orc!
The orc is killed!
Okawaru accepts your kill.
You hit the hippogriff. You tail-slap the hippogriff.
The hippogriff is heavily wounded.
The hippogriff is engulfed in noxious fumes.
The hippogriff appears confused.
The hippogriff misses you. The hippogriff pecks you.
You die...

.... #[#.#####.#####
....##.#.#.......(.########
>.......+...#####.........
.#......#..# ##.#######
.....#..#.. #.# #.###.#..##
#.####### #........#
####.#........
#.###.#.####.....##..#####.
..........@H).# #........
###.#.#.#####....##...##.#.
#.#.#.# ##.#...#..#. . #
#.# #...#.##. # #.#
#........ #.. #.###.### ###
#........ #.###.... #####


You could see a hippogriff (confused).

Vanquished Creatures
  A necrophage (D:5)
  A crimson imp (D:6)
  An orc priest (D:4)
  A hound (D:5)
  A jelly (D:5)
  2 orc wizards (D:4)
  Terence (D:2)
  3 worker ants
  2 hound zombies (D:5)
  9 gnolls
  5 adders
  An adder skeleton (D:4)
  A dart slug (D:4)
  6 leopard geckos
  3 orcs (D:4)
  A ball python (D:2)
  3 giant cockroaches
  7 goblins
  8 hobgoblins
  6 jackals
  4 kobolds
  8 bats
  3 frilled lizards
  A quokka skeleton (D:4)
  7 rats
86 creatures vanquished.

Notes
Turn   | Place    | Note
-------+----------+-------------------------------------------
     0 | D:1      | Leeroy the Draconian Conjurer began the quest for the Orb.
     0 | D:1      | Reached XP level 1. HP: 14/14 MP: 3/3
   395 | D:1      | Reached XP level 2. HP: 18/20 MP: 5/5
   402 | D:1      | Learned a level 2 spell: Searing Ray
  1262 | D:2      | Noticed Terence
  1323 | D:2      | Killed Terence
  1323 | D:2      | Reached skill level 5 in Conjurations
  1323 | D:2      | Reached XP level 3. HP: 18/26 MP: 1/6
  1501 | D:2      | Reached XP level 4. HP: 33/33 MP: 2/7
  1553 | D:2      | Found a glowing golden altar of the Shining One.
  1669 | D:2      | Found an iron altar of Okawaru.
  1689 | D:2      | Became a worshipper of Warmaster Okawaru
  2137 | D:3      | Reached skill level 6 in Conjurations
  2196 | D:3      | Reached skill level 1 in Fighting
  2253 | D:3      | Learned a level 4 spell: Iskenderun's Mystic Blast
  2441 | D:3      | Reached XP level 5. HP: 39/40 MP: 8/8
  2643 | D:3      | Found a shimmering altar of Xom.
  3395 | D:4      | HP: 2/45 [orc wizard/puff of flame (5)]
  3396 | D:5      | Entered Level 5 of the Dungeon
  3892 | D:5      | Noticed a necrophage
  3901 | D:5      | Killed a necrophage
  3901 | D:5      | Reached XP level 6. HP: 51/51 MP: 4/11
  4480 | D:5      | Noticed Prince Ribbit
  4637 | D:4      | Reached skill level 5 in Spellcasting
  4637 | D:4      | Your scales start taking on a lurid green colour.
  4637 | D:4      | Reached XP level 7. HP: 44/57 MP: 9/14
  4637 | D:4      | Gained mutation: Your system is resistant to poisons.
                  | (rPois) [Green Draconian growth]
  4696 | D:4      | Reached * piety under Okawaru
  4806 | D:4      | Noticed a hippogriff
  4816 | D:4      | HP: 2/57 [hippogriff (2)]
  4818 | D:4      | Slain by a hippogriff

Levels and vault maps discovered:
D:1:      eino_arrival_tree_alley, layout_loops_corners,
          minmay_misc_feat_hallway, kennysheep_nondescript
D:2:      layout_loops_ring, nicolae_tso_swordbearing_angel,
          kennysheep_okawaru_gauntlet, uniq_terence
D:3:      layout_loops_ring, lemuel_doored_altar
D:4:      layout_basic, first_ration, minmay_manual_maat
D:5:      layout_basic, uniq_prince_ribbit1
D:6:      layout_loops_cross, grunt_qazlal_clouds, minmay_temple_entry_waves,
          enter_ossuary_3

Skill      XL: |  1  2  3  4  5  6 |
---------------+-------------------+-----
Conjurations   | 5 6 |  6.0
Fighting       | 1 3 |  3.0
Spellcasting   | 3 5 |  5.3
Dodging        | |  1.7
Stealth        | |  1.7

Action                   |  1- 3 |  4- 6 |  7- 9 || total
-------------------------+-------+-------+-------++-------
Melee: Unarmed           |    29 |       |       ||    29
       Spear             |    64 |       |       ||    64
       Tailslap          |     7 |    17 |     3 ||    27
       Flail             |    19 |    80 |       ||    99
       Dagger            |       |    40 |    36 ||    76
       Halberd           |       |    25 |       ||    25
 Cast: Magic Dart        |     7 |       |       ||     7
       Searing Ray       |     2 |    23 |       ||    25
       Iskenderun's Myst |       |     3 |       ||     3
Invok: Heroism           |       |       |     1 ||     1
 Abil: Breathe Noxious F |       |       |     2 ||     2
  Use: Scroll            |       |     2 |       ||     2
       Potion            |       |     2 |       ||     2
 Stab: Sleeping          |     5 |     1 |       ||     6
  Eat: Chunk             |     2 |     8 |     1 ||    11
       Ration            |       |     1 |       ||     1
Armor: Skin              |    37 |    69 |    10 ||   116
Dodge: Dodged            |    82 |   149 |    26 ||   257

Table legend:
 A = Non-vault XP
 B = Vault XP
 C = Vault XP percentage of total XP
 D = Non-vault monster count
 E = Vault monster count
 F = Vault count percentage of total count
                 A         B        C        D         E       F
            +---------+---------+-------+---------+---------+-------
      Total |     812 |      42 |   4.9 |      82 |       4 |   4.7
            +---------+---------+-------+---------+---------+-------
        D:1 |      28 |       0 |   0.0 |      16 |       0 |   0.0
        D:2 |      68 |      40 |  37.0 |      21 |       3 |  12.5
        D:3 |     121 |       0 |   0.0 |      18 |       0 |   0.0
        D:4 |     186 |       2 |   1.1 |      11 |       1 |   8.3
        D:5 |     363 |       0 |   0.0 |      15 |       0 |   0.0
        D:6 |      46 |       0 |   0.0 |       1 |       0 |   0.0
            +---------+---------+-------+---------+---------+-------
